 Dungeon Crawl Stone Soup version 0.28.0-47-ge53b351184 (webtiles) character file.

Game seed: 15497592554860077430

31 Eitelfritz the Sneak (level 3, 0/21 HPs)
             Began as a Kobold Brigand on Apr 26, 2022.
             Slain by an orc
             ... wielding a +0 mace
              (4 damage)
             ... on level 1 of the Dungeon.
             The game lasted 00:02:46 (1174 turns).

Eitelfritz the Sneak (Kobold Brigand)               Turns: 1174, Time: 00:02:46

Health: 0/21       AC:  4    Str:  8    XL:     3   Next: 40%
Magic:  3/3        EV: 14    Int: 12    God:
Gold:   26         SH:  0    Dex: 18    Spells: 2/2 levels left

rFire   . . .      SeeInvis .   a - +2 dagger
rCold   . . .      Faith    .   (no shield)
rNeg    . . .      Spirit   .   h - +0 robe
rPois   .          Reflect  .   k - +0 helmet
rElec   .          Harm     .   c - +0 cloak
rCorr   .          Rampage  .   (no gloves)
Will    .....                   (no boots)
Stlth   +++++.....              (no amulet)
HPRegen 0.07/turn               (no ring)
MPRegen 0.08/turn               (no ring)

@: no status effects
A: small, no large weapons, nightstalker 3
a: no special abilities


You were on level 1 of the Dungeon.
You visited 1 branch of the dungeon, and saw 2 of its levels.

You collected 26 gold pieces.

Inventory:

Hand Weapons
 a - a +2 dagger (weapon)
 b - a +0 hunting sling
Missiles
 d - 8 poisoned darts (quivered)
 e - 2 curare-tipped darts
 i - 20 sling bullets
Armour
 c - a +0 cloak (worn)
 h - a +0 robe (worn)
 k - a +0 helmet (worn)
Scrolls
 f - a scroll of teleportation {unknown}
 g - a scroll of fear {unknown}
 j - a scroll of immolation {unknown}
 l - a scroll of silence {unknown}
 m - a scroll of enchant armour {unknown}
Potions
 n - a potion of haste {unknown}


   Skills:
 + Level 2.2 Fighting
 + Level 2.8 Short Blades
 + Level 2.1 Throwing
 + Level 1.2 Dodging
 + Level 6.8 Stealth


You had 2 spell levels left.
You didn't know any spells.
Your spell library was empty.

Dungeon Overview and Level Annotations

Branches:
Dungeon (2/15)

Altars:


Innate Abilities, Weirdness & Mutations

You are small and have problems with some larger weapons.
You are completely attuned to the shadows.


Message History

The orc is almost dead.
The orc barely misses you.
You hit the orc but do no damage.
The orc is almost dead.
The orc hits you but does no damage.
You barely miss the orc.
The orc is almost dead.
The orc barely misses you.
You hit the orc.
You kill the orc!
Things that are here:
a +0 club; a +0 chain mail; an orc corpse You start resting.
HP restored.
There is a stone staircase leading down here.
You climb downwards.
There is a stone staircase leading up here.
The orc throws a boomerang.
The boomerang closely misses you.
There is a stone staircase leading up here.
The orc throws a boomerang.
The boomerang closely misses you. The orc wizard casts a spell at you.
The puff of flame hits you!
The orc shouts!
There is a stone staircase leading up here.
Unknown command.
The orc wizard gestures at you while chanting.
The magic dart hits you. The orc hits you with a +0 mace.
* * * LOW HITPOINT WARNING * * *
The orc drinks a potion.
The orc seems to grow stronger.
There is a stone staircase leading up here.
The orc hits you with a +0 mace.
* * * LOW HITPOINT WARNING * * *
You climb upwards.
The orc wizard disappears!
There is a stone staircase leading down here.
Unknown command.
You hit the orc.
The orc is lightly wounded.
The orc hits you with a +0 mace.
You die...

#####.)..........####.#########.#
#........##### #..# ##.#
#........# ##.# ##... #........#
#.# ##...# #........# ###.##
##...## #........# #....###...##
#######'## #.....#...## #.##
#####........## #..#
#@o§#........#####
##.#######.<........... #..#
#.........#### ##.##
############## #..#
#...(......... ##.#
##'####.###.#.#
##############.####...###.# #.#.#
..................'.......###.#.#
##############.####.....[..##.#..


You could see an orc.

Vanquished Creatures
  An orc (D:1)
  An endoplasm (D:1)
  4 goblins
  3 hobgoblins
  4 jackals
  A kobold (D:2)
  3 quokkas (D:1)
  3 ball pythons
  3 bats
  2 frilled lizards
  A rat (D:1)
26 creatures vanquished.

Notes
Turn   | Place    | Note
-------+----------+-------------------------------------------
     0 | D:1      | Eitelfritz the Kobold Brigand began the quest for the Orb.
     0 | D:1      | Reached XP level 1. HP: 12/12 MP: 1/1
   235 | D:1      | Reached XP level 2. HP: 17/17 MP: 2/2
   237 | D:1      | Reached skill level 6 in Stealth
   647 | D:2      | Reached XP level 3. HP: 21/21 MP: 3/3
  1174 | D:1      | Slain by an orc

Illustrated notes

Levels and vault maps discovered:
D:1:      elethiomel_arrival_shortcut, layout_basic,
          chequers_serial_rivers_small_a
D:2:      layout_rooms, shapermc_ecumenical_altar_mp_ritualfount

Skill      XL: |  1  2 |
---------------+-------+-----
Stealth        | 6 |  6.8
Fighting       | |  2.2
Short Blades   | |  2.8
Throwing       | |  2.1
Dodging        | |  1.2

Action                   || total
-------------------------++-------
Melee: Dagger            ||    69
 Stab: Sleeping          ||    18
Armor: Robe              ||     7
Dodge: Dodged            ||    38
